TOP OF THE 1ST |
Michigan Wolverines batting - Pitching for Vanderbilt Commodores : RHP José Martínez
|
Pitching: RHP José Martínez
|
|
Batting: RHB Scott Walker
|
0-0: Ball 1-0: Foul Ball, location: 2F 1-1: Swinging Strike 1-2: Ground out 6-3 (Groundball, 6M)
|
Batting: RHB Mario Silva
|
0-0: Called Strike 0-1: Ball 1-1: Swinging Strike 1-2: SINGLE (Flyball, 7S)
|
Batting: RHB Patrick Potts
|
0-0: Fielders Choice at 2nd, 5-4 (Groundball, 56)
|
Batting: SHB Mike Howard
|
0-0: Ball 1-0: Ball 2-0: Ball Patrick Potts steals 2nd base 3-0: Called Strike 3-1: Base on Balls
|
Batting: SHB Rafael Acosta
|
0-0: Ball 1-0: Swinging Strike 1-1: Ground out 4-3 (Groundball, 34)
|
Top of the 1st over - 0 run(s), 1 hit(s), 0 error(s), 2 left on base; Michigan 0 - Vanderbilt 0 |
BOTTOM OF THE 1ST |
Vanderbilt Commodores batting - Pitching for Michigan Wolverines : LHP Marcos Ortíz
|
Pitching: LHP Marcos Ortíz
|
|
Batting: SHB David Jones
|
0-0: Swinging Strike 0-1: Ground out 6-3 (Groundball, 6)
|
Batting: SHB Marvin López
|
0-0: Ball 1-0: Called Strike 1-1: Ball 2-1: Ground out 4-3 (Groundball, 4M)
|
Batting: RHB Herman Parker
|
0-0: Ball 1-0: Called Strike 1-1: Ball 2-1: Ball 3-1: Foul Ball, location: 2F 3-2: Base on Balls
|
Batting: LHB Robbie Turner
|
0-0: Ball Herman Parker steals 2nd base 1-0: Called Strike 1-1: Called Strike 1-2: Ball 2-2: Strikes out swinging
|
Bottom of the 1st over - 0 run(s), 0 hit(s), 0 error(s), 1 left on base; Michigan 0 - Vanderbilt 0 |
TOP OF THE 2ND |
Michigan Wolverines batting - Pitching for Vanderbilt Commodores : RHP José Martínez
|
Batting: RHB Vincente León
|
0-0: Foul Ball, location: 2F 0-1: Called Strike 0-2: Strikes out swinging
|
Batting: SHB Denver Harmon
|
0-0: Ball 1-0: Ball 2-0: Called Strike 2-1: Ball 3-1: Base on Balls
|
Batting: LHB George Flanagan
|
0-0: Called Strike 0-1: Ball 1-1: Ball 2-1: Foul Ball, location: 2F 2-2: Fielders Choice at 2nd, 3-6 (Groundball, 3)
|
Batting: RHB Ray Robertson
|
0-0: Called Strike 0-1: Ball 1-1: Ball 2-1: Foul Ball, location: 2F 2-2: SINGLE (Flyball, 8RS) George Flanagan to second
|
Batting: RHB Scott Walker
|
0-0: Ball 1-0: Ball 2-0: Called Strike 2-1: Swinging Strike 2-2: Strikes out swinging
|
Top of the 2nd over - 0 run(s), 1 hit(s), 0 error(s), 2 left on base; Michigan 0 - Vanderbilt 0 |
BOTTOM OF THE 2ND |
Vanderbilt Commodores batting - Pitching for Michigan Wolverines : LHP Marcos Ortíz
|
Batting: RHB Dalton Gray
|
0-0: Called Strike 0-1: Foul Ball, location: 2F 0-2: Ball 1-2: Strikes out looking
|
Batting: RHB Robert Warner
|
0-0: Called Strike 0-1: Fly out, F7 (Line Drive, 7M)
|
Batting: RHB Dalton Norman
|
0-0: Swinging Strike 0-1: Foul Ball, location: 2F 0-2: Ball 1-2: Strikes out swinging
|
Bottom of the 2nd over - 0 run(s), 0 hit(s), 0 error(s), 0 left on base; Michigan 0 - Vanderbilt 0 |
TOP OF THE 3RD |
Michigan Wolverines batting - Pitching for Vanderbilt Commodores : RHP José Martínez
|
Batting: RHB Mario Silva
|
0-0: Foul Ball, location: 2F 0-1: Ball 1-1: Ball 2-1: Ball 3-1: Base on Balls
|
Batting: RHB Patrick Potts
|
0-0: SINGLE (Line Drive, 9S) Mario Silva to second
|
Batting: SHB Mike Howard
|
0-0: Ball 1-0: Ball 2-0: Ball 3-0: Called Strike 3-1: Fielders Choice at 2nd, 1-6 (Groundball, 23) Mario Silva to third
|
Batting: SHB Rafael Acosta
|
0-0: Ball 1-0: Ball 2-0: Called Strike 2-1: Swinging Strike 2-2: Strikes out swinging
|
Batting: RHB Vincente León
|
0-0: Ball 1-0: Called Strike 1-1: Ball Wild Pitch! Mario Silva scores Mike Howard to second 2-1: Foul Ball, location: 2F 2-2: Foul Ball, location: 2F 2-2: Strikes out swinging
|
Top of the 3rd over - 1 run(s), 1 hit(s), 0 error(s), 1 left on base; Michigan 1 - Vanderbilt 0 |
BOTTOM OF THE 3RD |
Vanderbilt Commodores batting - Pitching for Michigan Wolverines : LHP Marcos Ortíz
|
Batting: LHB Micah Brantley
|
0-0: Ball 1-0: Foul Ball, location: 2F 1-1: Foul Ball, location: 2F 1-2: Foul Ball, location: 2F 1-2: Strikes out looking
|
Batting: RHB Jason Patrick
|
0-0: Called Strike 0-1: Ball 1-1: Fly out, F9 (Line Drive, 9M)
|
Batting: SHB David Jones
|
0-0: Ball 1-0: Called Strike 1-1: Fly out, F7 (Flyball, 7LM)
|
Bottom of the 3rd over - 0 run(s), 0 hit(s), 0 error(s), 0 left on base; Michigan 1 - Vanderbilt 0 |
TOP OF THE 4TH |
Michigan Wolverines batting - Pitching for Vanderbilt Commodores : RHP José Martínez
|
Batting: SHB Denver Harmon
|
0-0: Ball 1-0: Fly out, F6 (Popup, 6M)
|
Batting: LHB George Flanagan
|
0-0: Called Strike 0-1: Swinging Strike 0-2: Ball 1-2: Fly out, F7 (Line Drive, 78S)
|
Batting: RHB Ray Robertson
|
0-0: Fly out, F7 (Flyball, 7M)
|
Top of the 4th over - 0 run(s), 0 hit(s), 0 error(s), 0 left on base; Michigan 1 - Vanderbilt 0 |
BOTTOM OF THE 4TH |
Vanderbilt Commodores batting - Pitching for Michigan Wolverines : LHP Marcos Ortíz
|
Batting: SHB Marvin López
|
0-0: Foul Ball, location: 2F 0-1: Foul Ball, location: 2F 0-2: Ground out 6-3 (Groundball, 6)
|
Batting: RHB Herman Parker
|
0-0: Foul Ball, location: 2F 0-1: Swinging Strike 0-2: Ball 1-2: Ball 2-2: Strikes out looking
|
Batting: LHB Robbie Turner
|
0-0: Foul Ball, location: 2F 0-1: Foul Ball, location: 2F 0-2: Strikes out swinging
|
Bottom of the 4th over - 0 run(s), 0 hit(s), 0 error(s), 0 left on base; Michigan 1 - Vanderbilt 0 |
TOP OF THE 5TH |
Michigan Wolverines batting - Pitching for Vanderbilt Commodores : RHP José Martínez
|
Batting: RHB Scott Walker
|
0-0: Called Strike 0-1: Foul Ball, location: 2F 0-2: DOUBLE (Line Drive, 9LM)
|
Batting: RHB Mario Silva
|
0-0: Ball 1-0: Called Strike 1-1: Ball 2-1: Ball 3-1: Ground out 6-3 (Groundball, 6)
|
Batting: RHB Patrick Potts
|
0-0: Ball 1-0: Foul Ball, location: 2F 1-1: Ball 2-1: Foul Ball, location: 2F 2-2: Ground out 6-3 (Groundball, 6M) Scott Walker to third
|
Pitching: RHP Dylan Hamilton
|
|
Batting: SHB Mike Howard
|
0-0: SINGLE (Line Drive, 9LM) Scott Walker scores
|
Batting: SHB Rafael Acosta
|
0-0: Ball 1-0: 2-RUN HOME RUN (Flyball, 9D), Distance : 365 ft
|
Batting: RHB Vincente León
|
0-0: Called Strike 0-1: DOUBLE (Line Drive, 89M)
|
Batting: SHB Denver Harmon
|
0-0: Ball Wild Pitch! Vincente León to third
|
|
|
|
1-0: Fly out, F7 (Flyball, 78M)
|
Top of the 5th over - 3 run(s), 4 hit(s), 0 error(s), 1 left on base; Michigan 4 - Vanderbilt 0 |
BOTTOM OF THE 5TH |
Vanderbilt Commodores batting - Pitching for Michigan Wolverines : LHP Marcos Ortíz
|
Batting: RHB Dalton Gray
|
0-0: Reached on error, E5 (Groundball, 56S)
|
Batting: RHB Robert Warner
|
0-0: Grounds into double play, 6-4-3 (Groundball, 6M)
|
Batting: RHB Dalton Norman
|
0-0: Foul Ball, location: 2F 0-1: Foul Ball, location: 2F 0-2: Strikes out swinging
|
Bottom of the 5th over - 0 run(s), 0 hit(s), 1 error(s), 0 left on base; Michigan 4 - Vanderbilt 0 |
TOP OF THE 6TH |
Michigan Wolverines batting - Pitching for Vanderbilt Commodores : RHP Dylan Hamilton
|
Batting: LHB George Flanagan
|
0-0: Ball 1-0: Ball 2-0: Hit by Pitch
|
Batting: RHB Ray Robertson
|
Pickoff Throw to First - Error! E1 George Flanagan to second 0-0: SINGLE (Line Drive, 78S) George Flanagan to third Runner from 3rd tries for Home, SAFE, no throw or cutoff
|
Pitching: RHP Corey Goguen
|
|
Batting: RHB Scott Walker
|
0-0: Ball 1-0: Ball 2-0: Called Strike 2-1: Fly out, F6 (Popup, 15)
|
Batting: RHB Mario Silva
|
0-0: Ball Ray Robertson steals 2nd base 1-0: Ball 2-0: Swinging Strike 2-1: SINGLE (Line Drive, 89S) Ray Robertson to third Runner from 3rd tries for Home, SAFE, no throw or cutoff
|
Batting: RHB Patrick Potts
|
0-0: Swinging Strike 0-1: Ball 1-1: Swinging Strike 1-2: Foul Ball, location: 2F 1-2: Strikes out swinging
|
Batting: SHB Mike Howard
|
0-0: Foul Ball, location: 2F 0-1: Ball 1-1: Called Strike 1-2: Ball 2-2: Foul Ball, location: 2F 2-2: Fly out, F7 (Line Drive, 7M)
|
Top of the 6th over - 2 run(s), 2 hit(s), 1 error(s), 1 left on base; Michigan 6 - Vanderbilt 0 |
BOTTOM OF THE 6TH |
Vanderbilt Commodores batting - Pitching for Michigan Wolverines : LHP Marcos Ortíz
|
Batting: LHB Micah Brantley
|
0-0: Ball 1-0: Called Strike 1-1: Ball 2-1: Ball 3-1: Called Strike 3-2: Strikes out looking
|
Batting: RHB Jason Patrick
|
0-0: Called Strike 0-1: Foul Ball, location: 2F 0-2: Fly out, F4 (Line Drive, 4)
|
Batting: SHB David Jones
|
0-0: Ball 1-0: Ground out 4-3 (Groundball, 4)
|
Bottom of the 6th over - 0 run(s), 0 hit(s), 0 error(s), 0 left on base; Michigan 6 - Vanderbilt 0 |
TOP OF THE 7TH |
Michigan Wolverines batting - Pitching for Vanderbilt Commodores : RHP Corey Goguen
|
Batting: SHB Rafael Acosta
|
0-0: Called Strike 0-1: Foul Ball, location: 2F 0-2: Ball 1-2: Strikes out swinging
|
Batting: RHB Vincente León
|
0-0: Ball 1-0: Swinging Strike 1-1: Ground out 4-3 (Groundball, 34)
|
Batting: SHB Denver Harmon
|
0-0: Foul Ball, location: 2F 0-1: Swinging Strike 0-2: Foul Ball, location: 2F 0-2: Foul Ball, location: 2F 0-2: Ball 1-2: Ball 2-2: Strikes out swinging
|
Top of the 7th over - 0 run(s), 0 hit(s), 0 error(s), 0 left on base; Michigan 6 - Vanderbilt 0 |
BOTTOM OF THE 7TH |
Vanderbilt Commodores batting - Pitching for Michigan Wolverines : LHP Marcos Ortíz
|
Batting: SHB Marvin López
|
0-0: Called Strike 0-1: Foul Ball, location: 2F 0-2: Strikes out swinging
|
Batting: RHB Herman Parker
|
0-0: Ball 1-0: Ball 2-0: Foul Ball, location: 2F 2-1: Ground out 4-3 (Groundball, 4)
|
Batting: LHB Robbie Turner
|
0-0: Called Strike 0-1: Fly out, F8 (Flyball, 8RM)
|
Bottom of the 7th over - 0 run(s), 0 hit(s), 0 error(s), 0 left on base; Michigan 6 - Vanderbilt 0 |
TOP OF THE 8TH |
Michigan Wolverines batting - Pitching for Vanderbilt Commodores : RHP Corey Goguen
|
Pitching: RHP Aaron Lindsey
|
|
Batting: LHB George Flanagan
|
0-0: Called Strike 0-1: Foul Ball, location: 2F 0-2: Ball 1-2: Strikes out swinging
|
Batting: RHB Ray Robertson
|
0-0: Called Strike 0-1: Foul Ball, location: 2F 0-2: Strikes out swinging
|
Batting: RHB Scott Walker
|
0-0: Foul Ball, location: 2F 0-1: Ball 1-1: Foul Ball, location: 2F 1-2: Ball 2-2: Foul Ball, location: 2F 2-2: Ball 3-2: Strikes out swinging
|
Top of the 8th over - 0 run(s), 0 hit(s), 0 error(s), 0 left on base; Michigan 6 - Vanderbilt 0 |
BOTTOM OF THE 8TH |
Vanderbilt Commodores batting - Pitching for Michigan Wolverines : LHP Marcos Ortíz
|
Batting: RHB Dalton Gray
|
0-0: Fly out, F6 (Popup, 78S)
|
Batting: RHB Robert Warner
|
0-0: Fly out, F9 (Popup, 9S)
|
Batting: RHB Dalton Norman
|
0-0: SINGLE (Line Drive, 56)
|
Pitching: LHP Aaron Vaughn
|
|
Batting: LHB Micah Brantley
|
0-0: Fly out, F7 (Popup, 78S)
|
Bottom of the 8th over - 0 run(s), 1 hit(s), 0 error(s), 1 left on base; Michigan 6 - Vanderbilt 0 |
TOP OF THE 9TH |
Michigan Wolverines batting - Pitching for Vanderbilt Commodores : RHP Aaron Lindsey
|
Batting: RHB Mario Silva
|
0-0: Fly out, F7 (Flyball, 7M)
|
Batting: RHB Patrick Potts
|
0-0: Ball 1-0: Ground out U3 (Groundball, 3S)
|
Batting: SHB Mike Howard
|
0-0: Ball 1-0: Fly out, F7 (Flyball, 7LM)
|
Top of the 9th over - 0 run(s), 0 hit(s), 0 error(s), 0 left on base; Michigan 6 - Vanderbilt 0 |
BOTTOM OF THE 9TH |
Vanderbilt Commodores batting - Pitching for Michigan Wolverines : LHP Aaron Vaughn
|
Batting: RHB Jason Patrick
|
0-0: Swinging Strike 0-1: SINGLE (Groundball, 6MD)
|
Batting: SHB David Jones
|
0-0: Ball 1-0: Called Strike 1-1: Ball 2-1: Ball 3-1: Called Strike 3-2: Fielders Choice at 2nd, 6-4 (Groundball, 6M)
|
Batting: SHB Marvin López
|
0-0: Grounds into double play, 1-4-3 (Groundball, 25)
|
Bottom of the 9th over - 0 run(s), 1 hit(s), 0 error(s), 0 left on base; Michigan 6 - Vanderbilt 0 |
|
|